 Dungeon Crawl Stone Soup version 0.27-a0-965-gbf8bb431c4 (webtiles) character file.

Game seed: 15225561102714635128

424 spiderkeys the Digger (level 6, -4/37 HPs)
             Began as a Gargoyle Earth Elementalist on Apr 12, 2021.
             Slain by a wyvern (12 damage)
             ... on level 4 of the Dungeon.
             The game lasted 00:08:08 (5813 turns).

spiderkeys the Digger (Gargoyle Earth Elementalist) Turns: 5813, Time: 00:08:09

Health: -4/37      AC:  9    Str: 11    XL:     6   Next: 96%
Magic:  11/11      EV: 12    Int: 18    God:
Gold:   170        SH:  0    Dex: 10    Spells: 7/11 levels left

rFire    . . .     SeeInvis .   j - +2 mace (holy)
rCold    . . .     Faith    .   (no shield)
rNeg     + . .     Spirit   .   h - +0 leather armour
rPois    ∞         Reflect  .   (no helmet)
rElec    +         Harm     .   (no cloak)
rCorr    .         Rampage  .   e - +1 pair of gloves
Will     .....                  (no boots)
Stlth    ++........             (no amulet)
HPRegen  0.12/turn              (no ring)
MPRegen  0.12/turn              (no ring)

@: no status effects
A: AC +4, negative energy resistance 1, electricity resistance, torment
resistance 1, unbreathing 1, petrification resistance
a: no special abilities


You were on level 4 of the Dungeon.
You visited 1 branch of the dungeon, and saw 4 of its levels.

You collected 170 gold pieces.

Inventory:

Hand Weapons
 j - a +2 mace of holy wrath (weapon)
Armour
 e - a +1 pair of gloves (worn)
 h - a +0 leather armour (worn)
Wands
 l - a wand of polymorph (1)
 n - a wand of iceblast (11)
 q - a wand of flame (14)
Scrolls
 a - 2 scrolls of teleportation {unknown}
 c - 2 scrolls of fog {unknown}
 f - 6 scrolls of identify {unknown}
 g - a scroll of enchant armour {unknown}
 i - 3 scrolls of noise {unknown}
 k - 2 scrolls of fear {unknown}
 m - a scroll of immolation {unknown}
 p - a scroll of enchant weapon {unknown}
Potions
 b - a potion of heal wounds {unknown}
 d - a potion of lignification {unknown}
 o - a potion of might {unknown}
 r - a potion of berserk rage {unknown}


   Skills:
 + Level 3.2 Fighting
 + Level 2.3 Maces & Flails
 + Level 3.0 Dodging
 - Level 2.1 Stealth
 + Level 3.4 Spellcasting
 + Level 1.3 Conjurations
 - Level 0.7 Transmutations
 - Level 5.0 Earth Magic


You had 7 spell levels left.
You knew the following spells:

 Your Spells              Type           Power      Damage    Failure   Level
a - Sandblast             Erth           42%        2d11      2%          1
b - Stone Arrow           Conj/Erth      28%        3d8       17%         3

Your spell library contained the following spells:

 Spells                   Type           Power      Damage    Failure   Level
 Passwall                 Tmut/Erth      10%        N/A       10%         2
 Animate Skeleton         Necr           6%         N/A       21%         1
 Apportation              Tloc           6%         N/A       21%         1
 Corona                   Hex            3%         N/A       21%         1
 Summon Small Mammal      Summ           12%        N/A       21%         1
 Ensorcelled Hibernation  Hex/Ice        6%         N/A       30%         2
 Petrify                  Tmut/Erth      13%        N/A       54%         4
 Leda's Liquefaction      Hex/Erth       6%         N/A       58%         4
 Lee's Rapid Deconstruct  Erth           10%        3d9*      58%         5
 Bolt of Magma            Conj/Fire/Erth 5%         4d5       94%         5
 Metabolic Englaciation   Hex/Ice        1%         N/A       99%         5


Dungeon Overview and Level Annotations

Branches:
Dungeon (4/15)
 Temple: D:4-7

Altars:


Innate Abilities, Weirdness & Mutations

Your stone body is resilient. (AC +4)
You are immune to poison.
You resist negative energy. (rN+)
You are resistant to electric shocks. (rElec)
You are resistant to unholy torment.
You can survive without breathing.
You are immune to petrification.


Message History

Your Conjurations skill increases to level 1!
No target in view!
No target in view!
Magic restored.
You open the door.
An ogre comes into view. It is wielding a +0 giant spiked club.
The ogre shouts!
An ogre is nearby!
An ogre is nearby!
An ogre is nearby!
You don't have any such object.
Evoke which item? (* to show all) (? for menu, Esc to quit)
Okay, then.
Unknown command.
Aiming: Polymorph
Press: ? - help, Shift-Dir - straight line, f - ogre
Aim: an ogre, wielding a +0 giant spiked club (will become a sky beast, a basilisk, or a wyvern, chance to affect: 46%)
The ogre resists with some effort.
Aiming: Polymorph
Press: ? - help, Shift-Dir - straight line, f/p - ogre
Aim: an ogre, wielding a +0 giant spiked club (will become a sky beast, a basilisk, or a wyvern, chance to affect: 46%)
The ogre resists with some effort.
You see here 16 bolts.
Aiming: Polymorph
Press: ? - help, Shift-Dir - straight line, f/p - ogre
Aim: an ogre, wielding a +0 giant spiked club (will become a sky beast, a basilisk, or a wyvern, chance to affect: 46%)
The ogre evaporates and reforms as a wyvern!
The wyvern bites you!
You hit the wyvern.
The wyvern is lightly wounded.
The wyvern misses you. The wyvern bites you!
You hit the wyvern.
The wyvern is moderately wounded.
The wyvern closely misses you. The wyvern barely misses you.
You hit the wyvern but do no damage.
The wyvern is lightly wounded.
The wyvern bites you.
* * * LOW HITPOINT WARNING * * *
The wyvern bites you!
You die...

#.##### ###### #......#
#. #.# ##.....# #. #.#
#.....# #. #.# ##.####
#. #.#### #..# ###.
#....# #..# #... ####.#
#..#####+#+ ####.#
####### #..#......<
.....# #####.@...#
#.......... .#####
#....l###.####.........
.# #....†#
#.#.......##+#. .###
#.....# #.#.###.##...#.
...# ##'####
#.#.#....#.###. ##.# #.
#........#...#. #.# #.
########.###.#. #.# #.
#.........##.#. #.# #.
#.#######.##.#.


You could see a wyvern.

Vanquished Creatures
  A necrophage (D:4)
  A scorpion (D:4)
  2 orc priests (D:4)
  A hound (D:4)
  Terence (D:2)
  Ijyb (D:3)
  6 adders
  An adder skeleton (D:3)
  4 worms
  3 dart slugs
  6 orcs
  2 bats
  6 endoplasms
  3 giant cockroaches (D:3)
  3 goblins
  5 hobgoblins
  5 jackals
  3 quokkas
  7 ball pythons
  6 frilled lizards
  3 kobolds (D:2)
  4 rats
74 creatures vanquished.

Vanquished Creatures (others)
  2 plants (D:2)
2 creatures vanquished.

Grand Total: 76 creatures vanquished

Notes
Turn   | Place    | Note
-------+----------+-------------------------------------------
     0 | D:1      | spiderkeys the Gargoyle Earth Elementalist began the quest
                  | for the Orb.
     0 | D:1      | Reached XP level 1. HP: 10/10 MP: 3/3
   315 | D:1      | Found a faded altar of an unknown god.
   465 | D:1      | Reached XP level 2. HP: 5/16 MP: 0/5
  1304 | D:2      | Reached skill level 1 in Fighting
  1475 | D:2      | Reached skill level 4 in Earth Magic
  1475 | D:2      | Reached XP level 3. HP: 17/20 MP: 3/6
  1778 | D:2      | Identified the Papyrus of Earthen Cold
  2047 | D:2      | Noticed Terence
  2786 | D:2      | Reached XP level 4. HP: 24/26 MP: 3/7
  3414 | D:3      | Noticed Ijyb
  3437 | D:3      | Killed Ijyb
  3655 | D:3      | Reached XP level 5. HP: 30/30 MP: 7/9
  3759 | D:3      | Reached skill level 1 in Maces & Flails
  4484 | D:2      | Killed Terence
  4908 | D:4      | Reached XP level 6. HP: 23/36 MP: 10/10
  4920 | D:4      | Learned a level 3 spell: Stone Arrow
  5262 | D:4      | Reached skill level 5 in Earth Magic
  5766 | D:4      | Noticed a necrophage
  5773 | D:4      | Killed a necrophage
  5774 | D:4      | Reached skill level 1 in Conjurations
  5810 | D:4      | Noticed a wyvern
  5810 | D:4      | an ogre changed into a wyvern
  5813 | D:4      | Slain by a wyvern

Illustrated notes

Levels and vault maps discovered:
D:1:      shiori_arrival_maze, layout_loops_ring, ebering_ecumenical_altar_box,
          chequers_serial_rivers_large_b
D:2:      layout_loops_ring, wad_woods_river_04, grunt_ministairs_6,
          kennysheep_generic_room_7, uniq_terence
D:3:      layout_basic, uniq_ijyb
D:4:      layout_basic

Skill      XL: |  1  2  3  4  5  6 |
---------------+-------------------+-----
Fighting       | 1 2 3 |  3.2
Dodging        | 2 3 |  3.0
Earth Magic    | 4 5 |  5.0
Maces & Flails | 1 2 |  2.3
Spellcasting   | 3 |  3.4
Conjurations   | 1 |  1.3
Stealth        | |  2.1
Transmutations | |  0.7

Action                   |  1- 3 |  4- 6 || total
-------------------------+-------+-------++-------
Melee: Whip              |    79 |       ||    79
       Unarmed           |    14 |       ||    14
       Mace              |       |   151 ||   151
 Cast: Sandblast         |    30 |    23 ||    53
Evoke: Wand              |       |     3 ||     3
  Use: Potion            |     1 |       ||     1
 Stab: Sleeping          |     3 |     2 ||     5
Armor: Robe              |    16 |       ||    16
       Leather armour    |    14 |    70 ||    84
Dodge: Dodged            |    73 |   108 ||   181

Table legend: (Time is in decaauts)
 A = Elapsed time spent in this place.
 B = Non-inter-level travel time spent in this place.
 C = Inter-level travel time spent in this place.
 D = Time resting spent in this place.
 E = Time spent auto-exploring this place.
 F = Levels seen in this place.
 G = Mean time per level.
                   A        B        C        D        E       F      G
               +--------+--------+--------+--------+--------+-----+--------+
         Total |   5947 |   5465 |    482 |    876 |   3822 |   4 | 1486.8 |
       Dungeon |   5947 |   5465 |    482 |    876 |   3822 |   4 | 1486.8 |
               +--------+--------+--------+--------+--------+-----+--------+

Top non-repeatable levels by time:
     D:2: 2292 daAuts
     D:1: 1470 daAuts
     D:4: 1234 daAuts
     D:3: 949 daAuts
